 Dungeon Crawl Stone Soup version 0.30-a0-883-g5ad918d77d (webtiles) character file.

Game seed: 9672175838188324919

1640 Hubris850 the Basher (level 8, 0/75 HPs)
             Began as an Ogre Reaver on Mar 15, 2023.
             Was a Follower of Qazlal.
             Killed from afar by an orc wizard (7 damage)
             ... with a magic dart
             ... on level 7 of the Dungeon.
             The game lasted 00:18:50 (7367 turns).

Hubris850 the Basher (Ogre Reaver)                  Turns: 7367, Time: 00:18:51

Health: 0/75       AC:  4    Str: 17    XL:     8   Next: 99%
Magic:  12/12      EV: 10    Int: 22    God:    Qazlal [*.....]
Gold:   389        SH:  1    Dex:  7    Spells: 6/12 levels left

rFire   . . .      SeeInvis +    q - +2 giant spiked club
rCold   . . .      Faith    .    (shield currently unavailable)
rNeg    . . .      Spirit   .    b - +0 robe
rPois   .          Reflect  .    u - +0 mask of the Dragon {Will+ Slay+3 SInv}
rElec   .          Rampage  .    E - +0 cloak
rCorr   .                        (gloves unavailable)
Will    +....                    (boots unavailable)
Stlth   +                        (no amulet)
HPRegen 0.32/turn                B - +6 ring of intelligence
MPRegen 0.13/turn                (no ring)

@: hasted, very quick
A: large, unfitting armour, tough skin 1
a: Renounce Religion


You were on level 7 of the Dungeon.
You worshipped Qazlal.
Qazlal was aware of your devotion.
You visited 1 branch of the dungeon, and saw 7 of its levels.

You collected 389 gold pieces.

Inventory:

Hand Weapons
 a - a +0 mace
 h - a +2 heavy flail
 p - a +4 short sword
 q - a +2 giant spiked club (weapon)
 y - a +0 morningstar
 z - the +0 whip of Uruufoxzo {heavy, rN+ Stlth+}
   (You found it on level 4 of the Dungeon)

   rN:        It protects you from negative energy.
   Stlth:     It makes you more stealthy.
Missiles
 e - 9 poisoned darts (quivered)
 n - a throwing net
 x - 5 javelins
 D - 3 boomerangs
Armour
 b - a +0 robe (worn)
 u - the +0 mask of the Dragon (worn) {Will+ Slay+3 SInv}
   (You acquired it on level 5 of the Dungeon)

   Slay:      It affects your accuracy & damage with ranged weapons and melee
   (+3).
   SInv:      It lets you see invisible.
   Will:      It increases your willpower.
 E - a +0 cloak (worn)
Magical Staves
 G - a staff of earth
Jewellery
 f - a ring of fire
 B - a +6 ring of intelligence (left hand)
Wands
 i - a wand of quicksilver (12)
 s - a wand of paralysis (17)
 A - a wand of mindburst (5)
Scrolls
 c - 2 scrolls of vulnerability
 m - 2 scrolls of immolation
 r - a scroll of torment
 t - a scroll of magic mapping
 C - 3 scrolls of teleportation
 F - a scroll of silence
Potions
 d - a potion of attraction
 g - 2 potions of cancellation
 j - a potion of flight
 k - 2 potions of haste
 l - 3 potions of curing
 o - 2 potions of mutation
 v - a potion of invisibility
 w - 2 potions of lignification {unknown}


   Skills:
 - Level 3.0 Fighting
 + Level 9.5 Maces & Flails
 - Level 3.0 Dodging
 - Level 2.9 Spellcasting
 - Level 3.1 Conjurations
 + Level 2.1 Invocations
 + Level 1.4 Evocations


You had 6 spell levels left.
You knew the following spells:

 Your Spells              Type           Power      Damage    Failure   Level
a - Kiss of Death         Conj/Necr      40%        2d8       7%          1
b - Momentum Strike       Conj/Tloc      20%        3d8       10%         2
c - Vhi's Electric Charg  Tloc/Air       6%         N/A       36%         3

Your spell library contained the following spells:

 Spells                   Type           Power      Damage    Failure   Level
 Static Discharge         Conj/Air       20%        2-3/arc   10%         2
 Sublimation of Blood     Necr           3%         N/A       19%         2
 Wereblood                Tmut           3%         N/A       19%         2
 Hailstorm                Conj/Ice       10%        3d5       21%         3
 Ignite Poison            Fire/Tmut/Pois 3%         N/A       36%         3
 Kindle Blastsparks       Fire/Tloc/Air  6%         2d10      36%         3
 Arcjolt                  Conj/Air       5%         1d15      88%         5
 Lightning Bolt           Conj/Air       5%         1d17      88%         5
 Freezing Cloud           Conj/Ice/Air   3%         6-21      92%         5
 Summon Hydra             Summ           1%         N/A       100%        7


Dungeon Overview and Level Annotations

Branches:
Dungeon (7/15)             Temple (0/1) D:6

Altars:
Ashenzari
Dithmenos
Qazlal
Ru
Uskayaw


Innate Abilities, Weirdness & Mutations

You are too large for most types of armour.
You have tough skin. (AC +1)


Message History

G - a staff of earth
Found an escape hatch in the ceiling.
An orc wizard comes into view. It is wielding a +0 dagger of flaming.
Found a potion of flight.
The orc wizard shouts!
You hear a shout!
An orc comes into view. It is wielding a +0 short sword.
The orc shouts!
An orc warrior comes into view. It is wielding a +0 glaive.
The orc wizard hits you with a +0 dagger of flaming.
The orc wizard burns you.
You miss the orc wizard.
The orc wizard hits you with a +0 dagger of flaming.
The orc wizard burns you.
You barely miss the orc wizard.
The orc warrior hits you from afar with a +0 glaive!
The orc wizard hits you with a +0 dagger of flaming.
The orc wizard burns you.
You closely miss the orc. The orc hits you with a +0 short sword.
The orc warrior barely misses you. The orc hits you with a +0 short sword.
You closely miss the orc. The orc warrior barely misses you.
The orc hits you but does no damage.
You bludgeon the orc!!
You kill the orc!
Qazlal accepts your kill.
The orc warrior hits you from afar with a +0 glaive!
You feel yourself speed up.
The orc warrior hits you from afar with a +0 glaive!
The orc warrior closely misses you.
You see here a +0 short sword.
You barely miss the orc warrior. The orc warrior closely misses you.
You bludgeon the orc warrior!!
The orc warrior is almost dead.
The orc warrior hits you with a +0 glaive!!
* * * LOW HITPOINT WARNING * * *
You bludgeon the orc warrior!!
You kill the orc warrior!
Qazlal accepts your kill. The orc wizard casts a spell at you.
The magic dart hits you!
You die...

..#####.##
#.######....
!#......# #> #.###
.......# ## #.#
#...... ###'###
#+###..... #....[.
........o #......
.....^..# #......
#.##### #####+#
#o)@..# #.. #####.#
### #.# ###### #.#
#..... #.######
#.#### #.....<# #.#
# #......####.####
###......##.......
.............##..#.


You could see an orc wizard.

Vanquished Creatures
  A steam dragon (D:7)
  Duvessa (D:6)
  An orc warrior (D:7)
  An ice beast (D:7)
  2 ogres
  4 centaurs
  A phantom (D:6)
  A scorpion (D:4)
  Dowan (D:6)
  2 howler monkeys
  A jelly (D:7)
  A hound (D:4)
  An orc wizard (D:6)
  4 iguanas
  5 adders
  A gnoll (D:1)
  2 white imps (D:7)
  2 ufetubi (D:5)
  4 worms
  7 orcs
  11 ball pythons
  6 bats
  5 endoplasms
  4 giant cockroaches
  9 goblins
  9 hobgoblins
  5 jackals
  8 kobolds
  3 quokkas
  5 frilled lizards
  5 rats
113 creatures vanquished.

Vanquished Creatures (collateral kills)
  An ice beast (D:6)
  A kobold brigand (D:6)
  A scorpion (D:6)
  A kobold (D:6)
4 creatures vanquished.

Vanquished Creatures (others)
  2 fungi (D:7)
2 creatures vanquished.

Grand Total: 119 creatures vanquished

Notes
Turn   | Place    | Note
-------+----------+-------------------------------------------
     0 | D:1      | Hubris850 the Ogre Reaver began the quest for the Orb.
     0 | D:1      | Reached XP level 1. HP: 22/22 MP: 3/3
    91 | D:1      | Reached XP level 2. HP: 13/29 MP: 5/5
   412 | D:1      | Reached XP level 3. HP: 32/37 MP: 7/7
   503 | D:1      | Reached skill level 3 in Maces & Flails
  1003 | D:2      | Reached XP level 4. HP: 34/40 MP: 8/8
  1006 | D:2      | Learned a level 2 spell: Momentum Strike
  1204 | D:2      | Learned a level 3 spell: Vhi's Electric Charge
  1222 | D:2      | Found a hide-covered altar of Uskayaw.
  1614 | D:2      | Found a faded altar of an unknown god.
  1798 | D:3      | Reached XP level 5. HP: 28/52 MP: 9/9
  2478 | D:3      | Found a sacrificial altar of Ru.
  2577 | D:4      | Found a shadowy altar of Dithmenos.
  2636 | D:4      | Identified the +0 whip of Uruufoxzo {heavy, rN+ Stlth+}
  2700 | D:4      | Reached skill level 4 in Maces & Flails
  2705 | D:4      | Reached XP level 6. HP: 8/51 MP: 7/10
  3007 | D:4      | Reached skill level 5 in Maces & Flails
  3298 | D:4      | Found a stormy altar of Qazlal.
  3444 | D:4      | Became a worshipper of Qazlal Stormbringer
  3547 | D:5      | Entered Level 5 of the Dungeon
  3834 | D:5      | Reached skill level 6 in Maces & Flails
  4167 | D:5      | Reached XP level 7. HP: 57/67 MP: 11/11
  4557 | D:5      | Identified a scroll of acquirement
  4557 | D:5      | Acquired the +0 mask of the Dragon {Will+ Slay+3 SInv}
  4557 | D:5      | Found the +0 mask of the Dragon {Will+ Slay+3 SInv}
  4953 | D:5      | Reached skill level 7 in Maces & Flails
  5378 | D:6      | Noticed Duvessa
  5391 | D:6      | Noticed Dowan
  5405 | D:5      | Reached XP level 8. HP: 16/75 MP: 12/12
  5595 | D:6      | Killed Dowan
  5612 | D:6      | HP: 1/75 [ice beast (12)]
  5618 | D:6      | Reached skill level 8 in Maces & Flails
  5644 | D:6      | Killed Duvessa
  6017 | D:6      | Reached * piety under Qazlal
  6018 | D:6      | Reached skill level 9 in Maces & Flails
  6185 | D:6      | Found a staircase to the Ecumenical Temple.
  6919 | D:7      | Reached skill level 1 in Invocations
  7020 | D:7      | Reached skill level 1 in Evocations
  7205 | D:7      | Found a broken altar of Ashenzari.
  7367 | D:7      | Killed from afar by an orc wizard

Illustrated notes

Levels and vault maps discovered:
D:1:      wander_arrival_abandoned_jail, layout_loops_ring
D:2:      layout_basic, dreamdust_ecumenical_altar_angels_and_demons,
          basic_altar
D:3:      layout_basic, general_overflow_altar, grunt_ministairs_8
D:4:      layout_basic, mainiacjoe_overflow_small_starburst,
          overflow_temple_1_default, minivault_5, minmay_misc_feat_doors
D:5:      layout_basic, serial_park_tiny_1, minmay_misc_feat_enclosed,
          nicolae_concentric_dashed_squares_wild
D:6:      nicolae_cairo_tiling_large_dashed, layout_rooms,
          minmay_temple_entry_sparse_star, uniq_duvessa
D:7:      layout_basic, mainiacjoe_overflow_chevrons, evilmike_ruin_ashenzari,
          uniq_crazy_yiuf_cottage

Skill      XL: |  1  2  3  4  5  6  7  8 |
---------------+-------------------------+-----
Fighting       | 3 |  3.0
Dodging        | 2 3 |  3.0
Conjurations   | 3 |  3.1
Maces & Flails | 3 4 6 7 9 |  9.5
Invocations    | 2 |  2.1
Evocations     | 1 |  1.4
Spellcasting   | |  2.9

Action                     |  1- 3 |  4- 6 |  7- 9 || total
---------------------------+-------+-------+-------++-------
  Melee: Mace              |    82 |       |       ||    82
         Punch             |     2 |       |       ||     2
         Flail             |    13 |    82 |       ||    95
         Morningstar       |       |    34 |       ||    34
         Giant spiked club |       |    33 |   146 ||   179
  Throw: Throwing net      |     1 |       |       ||     1
         Dart              |       |     3 |     5 ||     8
   Cast: Kiss of Death     |     2 |     2 |       ||     4
  Evoke: Wand              |       |     2 |     1 ||     3
    Use: Potion            |       |     5 |     4 ||     9
         Scroll            |       |    11 |     8 ||    19
   Stab: Sleeping          |       |     1 |       ||     1
         Paralysed         |       |       |     4 ||     4
         Invisible         |       |       |     2 ||     2
 Armour: Robe              |    42 |    87 |    60 ||   189
  Dodge: Dodged            |    77 |   148 |   140 ||   365
  Block: Other             |       |       |     3 ||     3

Table legend: (Time is in decaauts)
 A = Elapsed time spent in this place.
 B = Non-inter-level travel time spent in this place.
 C = Inter-level travel time spent in this place.
 D = Time resting spent in this place.
 E = Time spent auto-exploring this place.
 F = Levels seen in this place.
 G = Mean time per level.
                   A        B        C        D        E       F      G
               +--------+--------+--------+--------+--------+-----+--------+
         Total |   7532 |   7380 |    152 |   2121 |   3918 |   7 | 1076.0 |
       Dungeon |   7532 |   7380 |    152 |   2121 |   3918 |   7 | 1076.0 |
               +--------+--------+--------+--------+--------+-----+--------+

Top non-repeatable levels by time:
     D:5: 2132 daAuts
     D:6: 1153 daAuts
     D:1: 1002 daAuts
     D:4: 981 daAuts
     D:3: 872 daAuts
     D:2: 800 daAuts
     D:7: 590 daAuts
